 Dungeon Crawl Stone Soup version 0.30-a0-629-gd54f4be4f7 (webtiles) character file.

Game seed: 6062279205595655463

1211 funkygono the Firebug (level 8, -6/41 HPs)
             Began as a Gargoyle Fire Elementalist on Jan 12, 2023.
             Was an Initiate of Vehumet.
             Shot with a bolt by an orc warrior (20 damage)
             ... in a bailey.
             The game lasted 00:11:10 (6632 turns).

funkygono the Firebug (Gargoyle Fire Elementalist)  Turns: 6632, Time: 00:11:10

Health: -6/41      AC: 10    Str: 13    XL:     8   Next: 46%
Magic:  18/25      EV: 12    Int: 17    God:    Vehumet [......]
Gold:   227        SH:  0    Dex: 10    Spells: 4/18 levels left

rFire   . . .      SeeInvis .    v - +0 hammer (protect)
rCold   . . .      Faith    .    (no shield)
rNeg    + . .      Spirit   .    a - +0 robe
rPois   ∞          Reflect  .    (no helmet)
rElec   +          Harm     .    u - +1 cloak
rCorr   .          Rampage  .    e - +0 pair of gloves
Will    +....                    (no boots)
Stlth   ++                       j - amulet of the acrobat
HPRegen 0.26/turn                s - ring of magical power
MPRegen 0.19/turn                A - ring of willpower

@: no status effects
A: sickness immunity, AC +5, negative energy resistance 1, electricity
resistance, torment resistance 1, petrification resistance
a: Renounce Religion


You were in a bailey.
You worshipped Vehumet.
Vehumet was noncommittal.
You visited 1 branch of the dungeon, and saw 7 of its levels.
You also visited: Bailey.

You collected 227 gold pieces.

Inventory:

Hand Weapons
 b - a +4 quarterstaff of chaos
 h - a +0 mace
 l - a +0 heavy whip
 n - the +6 dagger of Execution {pain, rPois rC+ Str-3 SInv}
   (You found it on level 2 of the Dungeon)

   Str:       It affects your strength (-3).
   rC:        It protects you from cold.
   rPois:     It protects you from poison.
   SInv:      It lets you see invisible.
 v - a +0 hammer of protection (weapon)
Armour
 a - a +0 robe (worn)
 e - a +0 pair of gloves (worn)
 q - a +0 leather armour
 u - a +1 cloak (worn)
Magical Staves
 p - a staff of cold
 G - a staff of fire
Jewellery
 f - an amulet of reflection
 j - an amulet of the acrobat (around neck)
 o - a +6 ring of strength
 s - a ring of magical power (left hand)
 A - a ring of willpower (right hand)
 E - a +5 ring of evasion
 I - a ring of protection from fire
Scrolls
 d - a scroll of amnesia
 k - 4 scrolls of teleportation
 w - a scroll of torment {unknown}
 y - a scroll of fog {unknown}
 z - 3 scrolls of identify
 B - a scroll of summoning {unknown}
 C - 2 scrolls of immolation {unknown}
 D - 2 scrolls of blinking
 H - a scroll of silence {unknown}
Potions
 c - 2 potions of berserk rage
 g - 3 potions of attraction
 i - 2 potions of cancellation {unknown}
 m - a potion of heal wounds
 r - a potion of ambrosia {unknown}
 t - a potion of curing {unknown}
 x - a potion of mutation {unknown}
 F - a potion of might {unknown}


   Skills:
 + Level 0.1 Fighting
 + Level 1.0 Maces & Flails
 + Level 2.1 Dodging
 - Level 2.1 Stealth
 + Level 1.2 Shields
 + Level 5.7 Spellcasting
 + Level 4.6 Conjurations
 + Level 6.2 Fire Magic
 * Level 2.0 Poison Magic


You had 4 spell levels left.
You knew the following spells:

 Your Spells              Type           Power      Damage    Failure   Level
a - Foxfire               Conj/Fire      92%        2x1d8     1%          1
b - Scorch                Fire           52%        2d7       1%          2
c - Kindle Blastsparks    Fire/Tloc/Air  24%        2d12      17%         3
d - Flame Wave            Conj/Fire      23%        2d8       14%         4
e - Olgreb's Toxic Radia  Pois           11%        N/A       50%         4

Your spell library contained the following spells:

 Spells                   Type           Power      Damage    Failure   Level
 Momentum Strike          Conj/Tloc      24%        3d8       8%          2
 Sting                    Tmut/Pois      32%        1d4       9%          1
 Inner Flame              Hex/Fire       15%        N/A       11%         3
 Sandblast                Erth           8%         2d5       13%         1
 Poisonous Vapours        Pois/Air       16%        N/A       13%         2
 Dazzling Flash           Conj/Hex       24%        N/A       16%         3
 Stone Arrow              Conj/Erth      24%        3d8       16%         3
 Blink                    Tloc           8%         N/A       21%         2
 Passwall                 Tmut/Erth      3%         N/A       21%         2
 Lesser Beckoning         Tloc           8%         N/A       36%         3
 Iskenderun's Mystic Bla  Conj/Tloc      12%        2d5       45%         4
 Starburst                Conj/Fire      11%        6d5       91%         6


Dungeon Overview and Level Annotations

Branches:
Dungeon (7/15)             Temple (0/1) D:6          Bailey (1/1)

Altars:
Ashenzari
Cheibriados
Dithmenos
Makhleb
Okawaru
Uskayaw
Vehumet
The Shining One

Shops:
D:4 ?[

Annotations:
D:3 2 transporters


Innate Abilities, Weirdness & Mutations

You are immune to sickness and miasma.
Your stone body is resilient. (AC +5)
You are immune to poison.
You resist negative energy. (rN+)
You are resistant to electric shocks. (rElec)
You are resistant to unholy torment.
You are immune to petrification.


Message History

Confirm with . or Enter, or press ? or * to list all spells.
You conjure some foxfire!
The foxfire hits the orc.
You kill the orc!
Vehumet accepts your kill.
The orc warrior shoots a bolt.
The bolt closely misses you. The bolt hits your foxfire!
Casting: Foxfire (safe; 1% risk of failure)
Confirm with . or Enter, or press ? or * to list all spells.
You conjure some foxfire!
The foxfire hits the orc warrior.
The orc warrior is moderately wounded.
The orc warrior shoots a bolt.
The bolt hits you!
Casting: Foxfire (safe; 1% risk of failure)
Confirm with . or Enter, or press ? or * to list all spells.
You conjure some foxfire!
The foxfire hits the orc warrior.
The orc warrior is heavily wounded.
The foxfire hits the orc warrior.
The orc warrior is severely wounded.
The foxfire hits the orc warrior but does no damage.
The orc warrior is severely wounded.
The foxfire hits the orc warrior but does no damage.
The orc warrior is severely wounded.
Casting: Foxfire (safe; 1% risk of failure)
Confirm with . or Enter, or press ? or * to list all spells.
You conjure some foxfire!
The foxfire hits the orc warrior.
The orc warrior is severely wounded.
The foxfire hits the orc warrior.
The orc warrior is almost dead.
The orc shoots a bolt.
The bolt misses you.
The orc warrior shoots a bolt.
The bolt closely misses you.
Casting: Foxfire (safe; 1% risk of failure)
Confirm with . or Enter, or press ? or * to list all spells.
You conjure some foxfire!
The foxfire hits the orc warrior but does no damage.
The orc warrior is almost dead.
The foxfire hits the orc warrior.
You kill the orc warrior!
Vehumet accepts your kill.
The orc shoots a bolt.
The bolt barely misses you.
The orc warrior shoots a bolt.
The bolt hits you!!
You die...

#...... .......# #.....).
≈. ≈≈....# #...≈≈≈)≈
#.##≈....#######...§≈##)#
.o#≈............§..≈#∩.#
..o.))...................
#.##≈..§............≈##.#
≈###≈≈§§§§v..........≈≈###
≈v≈≈≈..§§@............≈≈≈≈
........§v................
..........................
.§........................
.§........................
##########################


You could see an orc warrior and an orc.

Vanquished Creatures
  A water moccasin (D:7)
  A black bear (D:6)
  4 orc warriors (Bailey)
  An ogre (D:6)
  2 centaurs
  2 scorpions
  2 hounds (D:6)
  Crazy Yiuf (D:2)
  A jelly (D:6)
  Terence (D:2)
  An iguana (D:6)
  An orc wizard (D:3)
  6 adders
  A white imp (D:7)
  An ufetubus (D:4)
  2 worms
  2 dart slugs
  24 orcs
  7 endoplasms
  2 giant cockroaches (D:4)
  4 goblins
  A hobgoblin (D:1)
  4 jackals (D:1)
  7 quokkas
  6 ball pythons
  3 bats
  2 frilled lizards
  7 kobolds
  7 rats
104 creatures vanquished.

Vanquished Creatures (collateral kills)
  A foxfire (D:4)
1 creature vanquished.

Vanquished Creatures (others)
  396 foxfires
396 creatures vanquished.

Grand Total: 501 creatures vanquished

Notes
Turn   | Place    | Note
-------+----------+-------------------------------------------
     0 | D:1      | funkygono the Gargoyle Fire Elementalist began the quest
                  | for the Orb.
     0 | D:1      | Reached XP level 1. HP: 10/10 MP: 3/3
   231 | D:1      | Reached XP level 2. HP: 15/15 MP: 0/5
   234 | D:1      | Learned a level 2 spell: Scorch
  1050 | D:2      | Noticed Terence
  1217 | D:2      | Reached XP level 3. HP: 19/19 MP: 2/6
  1221 | D:2      | Learned a level 3 spell: Kindle Blastsparks
  1322 | D:2      | Found a runed translucent door.
  1323 | D:2      | Noticed Crazy Yiuf
  1459 | D:2      | Identified the +6 dagger of Execution {pain, rPois rC+
                  | Str-3 SInv}
  1869 | D:2      | Killed Terence
  1870 | D:2      | Reached XP level 4. HP: 22/24 MP: 2/7
  2074 | D:2      | Killed Crazy Yiuf
  2075 | D:2      | Reached skill level 4 in Fire Magic
  2385 | D:3      | Reached XP level 5. HP: 13/28 MP: 2/9
  2390 | D:3      | Learned a level 4 spell: Flame Wave
  2527 | D:3      | Found a transporter.
  2538 | D:3      | Found a transporter.
  3641 | D:4      | Found a glowing golden altar of the Shining One.
  3707 | D:4      | Found an iron altar of Okawaru.
  3826 | D:4      | Found Daki's Antique Armour Shoppe.
  4067 | D:4      | Found Dexaog's Magic Scroll Boutique.
  4107 | D:4      | Reached XP level 6. HP: 32/32 MP: 7/11
  4522 | D:5      | Entered Level 5 of the Dungeon
  4550 | D:5      | Reached skill level 1 in Shields
  4669 | D:5      | Found a radiant altar of Vehumet.
  4675 | D:5      | Became a worshipper of Vehumet
  4698 | D:5      | Noticed a +0 spear
  4698 | D:5      | Noticed a +0 falchion
  4699 | D:5      | Noticed a +0 short sword
  4704 | D:5      | Noticed a +0 short sword
  4704 | D:5      | Noticed a +0 dagger
  4704 | D:5      | Noticed a +0 dagger
  4705 | D:5      | Noticed a +0 spear
  4705 | D:5      | Noticed a +0 falchion
  4734 | D:5      | Found a hide-covered altar of Uskayaw.
  4918 | D:5      | Found a snail-covered altar of Cheibriados.
  4939 | D:5      | Found a shadowy altar of Dithmenos.
  5064 | D:5      | Reached XP level 7. HP: 36/36 MP: 13/13
  5420 | D:6      | Learned a level 4 spell: Olgreb's Toxic Radiance
  5457 | D:6      | Reached skill level 5 in Fire Magic
  5532 | D:6      | Found a staircase to the Ecumenical Temple.
  5599 | D:6      | Reached skill level 5 in Spellcasting
  6079 | D:6      | Found a burning altar of Makhleb.
  6142 | D:7      | Found a broken altar of Ashenzari.
  6188 | D:7      | Reached skill level 1 in Maces & Flails
  6188 | D:7      | Reached skill level 1 in Poison Magic
  6188 | D:7      | Reached XP level 8. HP: 41/41 MP: 15/15
  6288 | D:7      | Found a flagged portal.
  6295 | Bailey   | Entered a bailey
  6321 | Bailey   | Reached skill level 6 in Fire Magic
  6632 | Bailey   | Shot with a bolt by an orc warrior

Illustrated notes

Levels and vault maps discovered:
D:1:      beargit_arrival_greenhouse, layout_loops_ring
D:2:      layout_loops_ring, nicolae_concentric_dashed_squares_mild,
          uniq_terence, uniq_crazy_yiuf_cottage
D:3:      gammafunk_wand_slinger, layout_loops_ring
D:4:      layout_basic, mainiacjoe_overflow_tiny_flanked,
          mainiacjoe_overflow_concentric_impassable, serial_shops,
          nicolae_shop_hallway_plus, nicolae_shop_crystal
D:5:      layout_basic, nicolae_dithmenos_shadow_blocks,
          nicolae_vehumet_altar_sigil, nicolae_uskayaw_en_pointe,
          mainiacjoe_overflow_six_doors_small
D:6:      layout_cave_pools, lightli_temple_of_fire, minmay_temple_entry_tees,
          reono_crystal_passage, minmay_misc_feat_more_columns,
          minmay_misc_feat_rows, hangedman_abyss_or_decor_jellyfish_corner
D:7:      layout_rooms, mainiacjoe_overflow_24_doors, lemuel_crystal_altar,
          enter_bailey_2, gammafunk_ghost_hive
Bailey:   bailey_polearm_2, bailey

Skill      XL: |  1  2  3  4  5  6  7  8 |
---------------+-------------------------+-----
Conjurations   | 2 3 4 |  4.6
Fire Magic     | 4 5 6 |  6.2
Spellcasting   | 3 4 5 |  5.7
Dodging        | 2 |  2.1
Shields        | 1 |  1.2
Maces & Flails | 1 |  1.0
Poison Magic   | 1 2 |  2.0
Fighting       | |  0.1
Stealth        | |  2.1

Action                   |  1- 3 |  4- 6 |  7- 9 || total
-------------------------+-------+-------+-------++-------
Melee: Club              |     8 |       |       ||     8
       Punch             |     1 |     1 |       ||     2
       Mace              |       |    25 |     1 ||    26
 Cast: Foxfire           |    55 |    90 |    93 ||   238
       Scorch            |    11 |    16 |     8 ||    35
  Use: Potion            |     1 |       |       ||     1
       Scroll            |       |    12 |       ||    12
Armor: Robe              |     9 |    11 |     4 ||    24
Dodge: Dodged            |    28 |    20 |    24 ||    72
Block: Other             |     4 |     9 |     4 ||    17
       Reflection        |     1 |       |     3 ||     4

Table legend: (Time is in decaauts)
 A = Elapsed time spent in this place.
 B = Non-inter-level travel time spent in this place.
 C = Inter-level travel time spent in this place.
 D = Time resting spent in this place.
 E = Time spent auto-exploring this place.
 F = Levels seen in this place.
 G = Mean time per level.
                   A        B        C        D        E       F      G
               +--------+--------+--------+--------+--------+-----+--------+
         Total |   6643 |   6368 |    275 |    180 |   5117 |   8 |  830.4 |
       Dungeon |   6306 |   6031 |    275 |     17 |   5117 |   7 |  900.9 |
        Bailey |    336 |    336 |      0 |    163 |      0 |   1 |  336.0 |
               +--------+--------+--------+--------+--------+-----+--------+

Top non-repeatable levels by time:
     D:3: 1198 daAuts
     D:2: 1165 daAuts
     D:1: 1092 daAuts
     D:4: 1077 daAuts
     D:5: 891 daAuts
     D:6: 683 daAuts
  Bailey: 336 daAuts
     D:7: 197 daAuts
